 Dungeon Crawl Stone Soup version 0.19.1-1-g22dce08 (webtiles) character file.

768 Gargoyl the Covered (level 7, -3/60 HPs)
             Began as a Ghoul Abyssal Knight on Jan 10, 2017.
             Was a Believer of Lugonu.
             Slain by a mummy (7 damage)
             ... in an ossuary.
             The game lasted 00:08:42 (2937 turns).

Gargoyl the Covered (Ghoul Abyssal Knight)          Turns: 2937, Time: 00:08:42

Health: -3/60      AC: 10    Str: 16    XL:     7   Next: 82%
Magic:  8/9        EV:  7    Int:  7    God:    Lugonu [**....]
Gold:   190        SH:  0    Dex: 10    Spells: 0 memorised, 6 levels left

rFire  . . .     SeeInvis .     a - +2 hand axe
rCold  + . .     Gourm    .     e - +0 chain mail
rNeg   + + +     Faith    .     (no shield)
rPois  ∞         Spirit   .     (no helmet)
rElec  .         Reflect  .     d - +0 cloak
rCorr  .         Harm     .     (no gloves)
MR     .....                    (no boots)
Stlth  ..........               (no amulet)
                                (no ring)
                                (no ring)

@: rotting
A: rotting body, claws 1, carnivore 3, cold resistance 1, negative energy
resistance 3, slow regeneration 1, torment resistance, unbreathing
a: Depart the Abyss, Bend Space, Renounce Religion


You were in an ossuary.
You worshipped Lugonu.
Lugonu was pleased with you.
You were not hungry.

You visited 1 branch of the dungeon, and saw 4 of its levels.
You visited the Abyss 1 time.
You also visited: Ossuary.

You collected 190 gold pieces.

Inventory:

Hand Weapons
 a - a +2 hand axe (weapon)
 m - a +0 shortbow of flaming
Armour
 d - a +0 cloak (worn)
 e - a +0 chain mail (worn)
Scrolls
 b - a scroll of identify
 i - 2 scrolls of remove curse
Comestibles
 c - 2 meat rations
 f - 3 chunks of flesh
 j - 2 slices of pizza


   Skills:
 + Level 4.6 Fighting
 + Level 4.7 Axes
 * Level 4.8 Armour
 + Level 1.3 Dodging
 * Level 4.0 Invocations


You had 6 spell levels left.
You didn't know any spells.

Dungeon Overview and Level Annotations

Branches:
Dungeon (4/15)
 Temple: D:4-7

Altars:


Innate Abilities, Weirdness & Mutations

Your body is rotting away.
You thrive on raw meat.
You are immune to poison.
You have sharp fingernails.
You are carnivorous and can eat meat at any time.
Your flesh is cold resistant. (rC+)
You are immune to negative energy. (rN+++)
You regenerate slowly when monsters are visible.
You are immune to unholy pain and torment.
You can survive without breathing.


Message History

Unknown command.
Your chain mail prevents you from hitting the mummy.
You hit the mummy. x2; The mummy hits you!
The mummy barely misses you.
Unknown command.
You slash the mummy!
The mummy is moderately damaged.
Your chain mail prevents you from hitting the mummy.
You hit the mummy but do no damage. The mummy hits you but does no damage.
Unknown command.
You slash the mummy!
The mummy is almost destroyed.
You hit the mummy but do no damage. You hit the mummy.
The mummy hits you but does no damage. The mummy hits you! x2
* * * LOW HITPOINT WARNING * * *
An adder zombie comes into view.
Unknown command.
The mummy hits you.
* * * LOW HITPOINT WARNING * * *
The mummy hits you!
You die...

### #.#
#'# ..+
#####.#
#...#Z+
#MM.'.#
#@MZ#.'.#
#####.###
+.' #.##
#.+ +.#
#.+


You could see 3 mummies, an adder zombie and a giant cockroach zombie
(wandering).

Vanquished Creatures
  Pikel (D:3)
  A slave (D:4)
  The ghost of fatfloppyjuicyveiny the Conjurer, an amateur OpWz (D:3)
  An orc wizard (D:3)
  An iguana (D:4)
  A hound skeleton (D:3)
  A mummy (Ossuary)
  4 adders
  An ooze (D:3)
  An adder skeleton (D:4)
  A worm (D:2)
  A dart slug (D:1)
  4 leopard geckos
  8 orcs (D:3)
  A ball python (D:3)
  8 bats
  7 giant cockroaches
  7 goblins
  10 hobgoblins
  6 jackals
  5 kobolds
  A quokka (D:3)
  7 frilled lizards
  8 rats
87 creatures vanquished.

Vanquished Creatures (others)
  A slave (D:4)
1 creature vanquished.

Grand Total: 88 creatures vanquished

Notes
Turn   | Place    | Note
-------+----------+-------------------------------------------
     0 | Abyss:1  | Gargoyl the Ghoul Abyssal Knight began the quest for the Orb.
     0 | Abyss:1  | Reached XP level 1. HP: 19/19 MP: 1/1
     1 | Abyss:1  | Found a corrupted altar of Lugonu.
     3 | Abyss:1  | Found a corrupted altar of Lugonu.
    76 | Abyss:2  | Noticed a smoke demon
    77 | D:1      | Escaped the Abyss
   193 | D:1      | Reached * piety under Lugonu
   201 | D:1      | Reached XP level 2. HP: 23/26 MP: 2/2
   390 | D:1      | Reached XP level 3. HP: 33/33 MP: 3/3
  1011 | D:2      | Reached ** piety under Lugonu
  1040 | D:2      | Reached XP level 4. HP: 19/39 MP: 4/4
  1613 | D:3      | Noticed fatfloppyjuicyveiny's ghost (amateur OpWz)
  1714 | D:3      | Killed fatfloppyjuicyveiny's ghost
  1714 | D:3      | Reached skill level 1 in Dodging
  1714 | D:3      | Reached XP level 5. HP: 38/46 MP: 4/6
  2338 | D:3      | Reached XP level 6. HP: 52/52 MP: 7/7
  2689 | D:4      | Noticed a slave
  2703 | D:4      | Killed a slave
  2704 | D:4      | Noticed a slave
  2705 | D:4      | Noticed Pikel
  2708 | D:4      | Noticed a slave
  2774 | D:3      | Killed Pikel
  2774 | D:3      | Reached XP level 7. HP: 19/60 MP: 8/8
  2905 | D:4      | Found a sand-covered staircase.
  2913 | Ossuary  | Entered an ossuary
  2937 | Ossuary  | Slain by a mummy

Skill      XL: |  1  2  3  4  5  6  7 |
---------------+----------------------+-----
Axes           | 2 3 4 |  4.7
Armour         | 2 3 4 |  4.8
Fighting       | 4 |  4.6
Dodging        | 1 |  1.3
Invocations    | 3 4 |  4.0

Action                   |  1- 3 |  4- 6 |  7- 9 || total
-------------------------+-------+-------+-------++-------
Melee: Hand axe          |   152 |   268 |    25 ||   445
Invok: Depart the Abyss  |     1 |       |       ||     1
  Use: Potion            |     7 |     6 |       ||    13
       Scroll            |     3 |     4 |       ||     7
  Eat: Chunk             |    15 |    18 |     5 ||    38
Armor: Chain mail        |   113 |   219 |    16 ||   348
Dodge: Dodged            |    71 |   106 |     9 ||   186
